 Dungeon Crawl Stone Soup version 0.17.1-3-g152610e (webtiles) character file.

117 Gargoyl the Skirmisher (level 4, -1/37 HPs)
             Began as a Demonspawn Abyssal Knight on Mar 4, 2016.
             Was a Believer of Lugonu.
             Killed from afar by an orc wizard (10 damage)
             ... with a puff of flame
             ... on level 3 of the Dungeon.
             The game lasted 00:05:10 (2440 turns).

Gargoyl the Skirmisher (Demonspawn Abyssal Knight)  Turns: 2440, Time: 00:05:10

Health: -1/37      AC: 13    Str: 13    XL:     4   Next: 71%
Magic:  5/5        EV:  9    Int: 13    God:    Lugonu [**....]
Gold:   59         SH:  0    Dex: 18    Spells: 0 memorised, 3 levels left

rFire  . . .     SeeInvis .     a - +1 hand axe
rCold  . . .     Clarity  .     i - +0 plate armour
rNeg   . . .     SustAt   +     (no shield)
rPois  .         Gourm    .     (no helmet)
rElec  .         Spirit   .     (no cloak)
rCorr  .         Warding  .     (no gloves)
rMut   .         Stasis   .     (no boots)
MR     .....                    (no amulet)
Stlth  ..........               (no ring)
                                k - ring of sustain attributes

@: agile, not resistant to hostile enchantments, extremely unstealthy
A: talons 1, slimy green scales 1
a: Depart the Abyss, Bend Space, Renounce Religion


You were on level 3 of the Dungeon.
You worshipped Lugonu.
Lugonu was pleased with you.
You were not hungry.

You visited 1 branch of the dungeon, and saw 3 of its levels.
You visited the Abyss 1 time.

You collected 59 gold pieces.

Inventory:

Hand Weapons
 a - a +1 hand axe (weapon)
Armour
 i - a +0 plate armour (worn)
Jewellery
 k - a ring of sustain attributes (left hand)
Scrolls
 d - a scroll of random uselessness {unknown}
 f - a scroll of immolation {unknown}
 m - a scroll of remove curse {unknown}
 q - a scroll of identify {unknown}
 r - a scroll of magic mapping {unknown}
Potions
 b - a potion of invisibility {unknown}
 e - a potion of agility
 h - a potion of flight {unknown}
 j - a potion of lignification {unknown}
 l - a potion of brilliance {unknown}
 n - a potion of mutation {unknown}
 o - 2 potions of haste {unknown}
 p - a potion of magic {unknown}
Comestibles
 c - a bread ration
 g - a meat ration


   Skills:
 + Level 3.9 Fighting
 + Level 2.7 Axes
 + Level 2.4 Armour
 + Level 2.0 Dodging
 + Level 0.2 Stealth
 + Level 2.6 Invocations


You had 3 spell levels left.
You didn't know any spells.

Dungeon Overview and Level Annotations

Branches:
Dungeon (3/15)

Altars:


Innate Abilities, Weirdness & Mutations

You have sharp toenails.
You are partially covered in slimy green scales (AC +2).


Message History

Your plate armour prevents you from hitting the orc wizard.
The orc wizard is heavily wounded.
The orc wizard points at you and mumbles some strange words.
The magic dart hits you!
You hit the orc wizard.
The orc wizard is severely wounded.
The orc wizard hits you with a dagger.
* * * LOW HITPOINT WARNING * * *
Your plate armour prevents you from hitting the orc wizard.
The orc wizard is severely wounded.
The orc wizard mumbles some strange words.
The orc wizard flickers and vanishes!
Deactivating autopickup; reactivate with Ctrl-A.
Drink which item? (? for menu, Esc to quit)
It was a potion of agility.
You feel agile all of a sudden.
You hear some strange, mumbled words.
A puff of flame appears from out of thin air!
The puff of flame hits you!
You die...

##)..##### . #..##
##### .# #..# ##....
.. #..# #...##.#
###..# #......
#....#####...####
#.##.##.........# #.
#........[.[.# #
###.......@).###.###
#.##....{.........
#.##....######.##.
...........#
#####..........
###########


There were no monsters in sight!

Vanquished Creatures
  An orc priest (D:3)
  2 adders (D:2)
  A worm (D:2)
  4 giant geckos
  6 orcs (D:3)
  7 bats
  2 giant cockroaches
  7 hobgoblins
  6 kobolds
  3 giant newts
  9 goblins
  6 rats (D:1)
54 creatures vanquished.

Notes
Turn   | Place    | Note
--------------------------------------------------------------
     0 | Abyss:1  | Gargoyl the Demonspawn Abyssal Knight began the quest for the Orb.
     0 | Abyss:1  | Reached XP level 1. HP: 18/18 MP: 2/2
    88 | Abyss:1  | Noticed a rakshasa
    98 | D:1      | Escaped the Abyss
   245 | D:1      | Reached skill level 1 in Dodging
   613 | D:1      | Gained mutation: You are partially covered in slimy green scales (AC +2). [demonic ancestry]
   613 | D:1      | Reached XP level 2. HP: 22/24 MP: 3/3
   615 | D:1      | Reached * piety under Lugonu
  1264 | D:2      | Gained mutation: You have sharp toenails. [demonic ancestry]
  1264 | D:2      | Reached XP level 3. HP: 26/29 MP: 4/4
  1612 | D:2      | Reached ** piety under Lugonu
  1948 | D:3      | Reached XP level 4. HP: 34/36 MP: 5/5
  2440 | D:3      | Killed from afar by an orc wizard

Action                   |  1- 3 |  4- 6 || total
-------------------------+-------+-------++-------
Melee: Hand axe          |   146 |    72 ||   218
Invok: Depart the Abyss  |     1 |       ||     1
  Use: Potion            |       |     1 ||     1
  Eat: Chunk             |     4 |     1 ||     5
